Cogmind - Beta 11 X8 @@@ ROGUE MODE // 2021.11.27 @ 18:46:42 Player: youngster Result: Destroyed by D-53 Grenadier with Mini Grenade Launcher Performance ------------- Evolutions (0) 0 Regions Visited (2) 400 Robots Destroyed (33) 165 Value Destroyed (481) 481 Prototype IDs (4) 80 Alien Tech Used (0) 0 Bonus (-27) -27 TOTAL SCORE: 1099 Bonus ------- Friendly Fire -27 Cogmind --------- Core Integrity 0/250 Matter 19/300 Energy 63/265 System Corruption 0% Temperature Cool (2) Movement Rolling (155) Ox5 Location -10/Mines Parts ------- > --- POWER (1) -------- Improved Ion Engine > --- PROPULSION (2) --- Light Treads Wheel > --- UTILITY (2) ------ High-capacity Storage Unit Shield Generator > --- WEAPON (2) ------- Light Assault Rifle Light Assault Rifle > --- INVENTORY (20) --- Light Treads Light Treads Huge Storage Unit High-capacity Matter Pod (116) Structural Scanner Sensor Array Signal Interpreter Improved Terrain Scanner Shield Generator Tractor Beam Light Assault Rifle Light Assault Rifle Mini Grenade Launcher Mini Grenade Launcher Datajack Heavy Hammer Peak State ------------ > --- POWER ------------ Improved Ion Engine > --- PROPULSION ------- Light Treads Wheel > --- UTILITY ---------- High-capacity Storage Unit Medium Armor Plating > --- WEAPON ----------- Assault Rifle Mini Grenade Launcher > --- INVENTORY -------- Improved Ion Engine Light Treads Light Treads Huge Storage Unit High-capacity Matter Pod Structural Scanner Sensor Array Signal Interpreter Improved Terrain Scanner Medium Armor Plating Shield Generator Shield Generator Tractor Beam Light Assault Rifle Light Assault Rifle Light Assault Rifle Light Assault Rifle Mini Grenade Launcher Datajack Heavy Hammer [Rating: 12] Favorites ----------- Power Ion Engine Engine Ion Engine Propulsion Light Treads Treads Light Treads Wheel Wheel Utility Structural Scanner Device Structural Scanner Storage Small Storage Unit Protection Medium Armor Plating Weapon Assault Rifle Ballistic Gun Assault Rifle Launcher Mini Grenade Launcher Build | -11 -10 -10 ------- Run | Scr Mat Min Slots Evolved . | . . . Power . | . . . Propulsion . | . . . Utility . | . . . Weapon . | . . . Parts Attached 27 | 7 9 11 Power 4 | 2 1 1 Engine 4 | 2 1 1 Core . | . . . Reactor . | . . . Propulsion 6 | 2 2 2 Treads 5 | 2 1 2 Leg . | . . . Wheel 1 | . 1 . Hover . | . . . Flight . | . . . Utility 8 | 1 3 4 Device 2 | . 1 1 Storage 3 | 1 2 . Processor . | . . . Hackware . | . . . Protection 3 | . . 3 Artifact . | . . . Weapon 9 | 2 3 4 Energy Gun . | . . . Energy Cannon . | . . . Ballistic Gun 6 | 2 1 3 Ballistic Cannon . | . . . Launcher 3 | . 2 1 Special Weapon . | . . . Impact Weapon . | . . . Slashing Weapon . | . . . Piercing Weapon . | . . . Special Melee Weapon . | . . . Unidentified Prototypes . | . . . Parts Lost 4 | . . 4 Power 1 | . . 1 Propulsion . | . . . Utility 2 | . . 2 Weapon 1 | . . 1 Highest Loss Streak 3 | . . 3 Average Slot Usage (%) 99 | . 99 99 Engine 13 | . 14 13 Treads 24 | . 26 14 Wheel 3 | . 1 14 Device 12 | . 13 7 Storage 14 | . 14 14 Ballistic Gun 24 | . 26 15 Launcher 3 | . 1 12 Naked Turns . | . . . Heaviest Build 57 | 13 51 57 Greatest Support 40 | 40 40 10 Greatest Overweight (x) 5 | . 5 5 Average Overweight (x) 1 | . . 5 Largest Inventory Capacity 20 | 8 20 20 Average Capacity 12 | 7 11 20 Most Carried 20 | 5 20 20 Average Carried 10 | 3 10 19 Final Capacity 20 | 8 20 20 Final Carried 20 | 5 20 16 Class Distribution -------------------- 100% | Mutant Dominant Class ---------------- Mutant | -10/Materials Mutant | -10/Mines Resources | -11 -10 -10 ----------- Run | Scr Mat Min Matter Collected 696 | 294 347 55 Remotely . | . . . Salvage Created 727 | 123 524 80 Parts 66 | 7 45 14 Haulers Intercepted 2 | . 2 . Recyclers Shooed . | . . . Parts Field Recycled . | . . . Retrieved Matter . | . . . Parts Self-Destructed . | . . . Prevented . | . . . Kills | -11 -10 -10 ------- Run | Scr Mat Min Combat Hostiles Destroyed 33 | . 15 18 Guns 19 | . 15 4 AOE 14 | . . 14 Classes Destroyed 10 | 2 6 2 Worker 5 | . 1 4 Tunneler 3 | 1 1 1 Hauler 2 | . 2 . Recycler 1 | 1 . . Operator 1 | . 1 . Watcher 2 | . 2 . Swarmer 12 | . 9 3 Grunt 6 | . 6 . Demolisher 1 | . . 1 Assembled 14 | . . 14 Best Kill Streak 18 | 1 3 18 Combat Bots Only 14 | . 3 14 Max Kills in Single Turn 3 | 1 1 3 Gunslinging . | . . . Exploded 2 | . . 2 Melee . | . . . Uniques/NPCs Destroyed . | . . . Combat | -11 -10 -10 -------- Run | Scr Mat Min Damage Taken 1305 | . 377 928 Core 251 | . 56 195 Absorbed by Shields 13 | . . 13 Core Remaining (%) 100 | 100 . . Volleys Fired 85 | 6 54 25 Largest 2 | 2 2 2 Hottest 40 | 40 40 40 Shots Fired 150 | 12 105 33 Gun 134 | 12 102 20 Cannon . | . . . Launcher 16 | . 3 13 Special . | . . . Kinetic 134 | 12 102 20 Thermal . | . . . Explosive 16 | . 3 13 Electromagnetic . | . . . Robot Hit Streak 12 | 4 12 10 Robot Miss Streak 2 | 1 2 2 Penetration Max . | . . . Secondary Targets 1 | . . 1 Max Gunslinging Chain 1 | . . 1 Shots Hit Robots 103 | 8 74 21 Core Hits 88 | 4 36 48 Critical Kills 1 | . . 1 Critical Parts Destroyed . | . . . Critical Strikes 1 | . . 1 Destroy 1 | . . 1 Melee Attacks . | . . . Impact . | . . . Slashing . | . . . Piercing . | . . . Sneak Attacks . | . . . Combat Hostiles . | . . . Follow-up Attacks . | . . . Damage Inflicted 2197 | 95 857 1245 Guns 994 | 95 767 132 Cannons . | . . . Explosions 1178 | . 80 1098 Melee . | . . . Ramming 25 | . 10 15 Kinetic 994 | 95 767 132 Thermal . | . . . Explosive 1178 | . 80 1098 Electromagnetic . | . . . Impact . | . . . Slashing . | . . . Piercing . | . . . Highest Corruption . | . . . Average Corruption . | . . . Corruption Purged . | . . . Overload Shots . | . . . Overflow Damage 11 | . 11 . Projectiles . | . . . Explosions 11 | . 11 . Melee . | . . . Knockbacks . | . . . Impact . | . . . Kinetic . | . . . Secondary . | . . . Self-Inflicted Damage 76 | . . 76 Shots 4 | . . 4 Rammed 6 | . 4 2 Targets Rammed 7 | . 5 2 Kicked . | . . . Crushed 1 | . 1 . Highest Temperature 12 | . 12 8 Average Temperature 6 | . 7 4 Received Heat Transfer 96 | . 96 . Siege Activations . | . . . Robots Corrupted . | . . . Combat Hostiles . | . . . Parts Fried . | . . . Impact Corruptions . | . . . Robots Melted . | . . . Combat Hostiles . | . . . Parts Melted . | . . . Heat Transferred . | . . . Parts Sabotaged . | . . . Parts Stolen . | . . . Parts Stripped . | . . . Power Chain Reactions . | . . . Missiles Intercepted . | . . . Alert | -11 -10 -10 ------- Run | Scr Mat Min Peak Influence 283 | 10 283 161 Initial 61 | . 6 61 Average 118 | 4 140 30 Maximum Alert Level 1 | . 1 . Low Security (%) 85 | 100 82 100 Level 1 14 | . 17 . Level 2 . | . . . Level 3 . | . . . Level 4 . | . . . Level 5 . | . . . High Security . | . . . Max Security . | . . . Squads Dispatched 3 | . 3 . Investigation 2 | . 2 . Extermination . | . . . Reinforcement 1 | . 1 . Assault . | . . . Garrison . | . . . Intercept . | . . . Construction Impeded . | . . . Haulers Reinforced . | . . . Active Scanning Responses . | . . . Cargo Convoy Interrupts . | . . . Stealth | -11 -10 -10 --------- Run | Scr Mat Min Distress Signals 2 | . 2 . Communications Jammed . | . . . Distress Signals . | . . . Times Spotted 52 | . 30 22 Peak Tracking Total 12 | . 4 12 Tactical Retreats 3 | . 2 1 Traps | -11 -10 -10 ------- Run | Scr Mat Min Traps Triggered 1 | . 1 . Indirectly . | . . . Trap Hack Attempts . | . . . Triggered . | . . . Disarmed . | . . . Reprogrammed . | . . . Reused . | . . . Traps Extracted . | . . . Installed . | . . . Triggered . | . . . Machines | -11 -10 -10 ---------- Run | Scr Mat Min Machines Disabled 2 | . 1 1 Max in Single Turn 1 | . 1 1 Machines Sabotaged . | . . . Garrisons Compromised . | . . . Overloaded Fab Kills . | . . . Hacking | -11 -10 -10 --------- Run | Scr Mat Min Machines Accessed 10 | . 9 1 Terminals 7 | . 6 1 Fabricators . | . . . Repair Stations 1 | . 1 . Recycling Units 2 | . 2 . Scanalyzers . | . . . Garrison Access . | . . . Total Hacks 33 | . 25 8 Successful 18 | . 14 4 Failed 15 | . 11 4 Catastrophic 1 | . . 1 Database Lockouts . | . . . Manual 26 | . 19 7 Terminals 28 | . 20 8 Fabricators . | . . . Repair Stations 3 | . 3 . Recycling Units 2 | . 2 . Scanalyzers . | . . . Garrison Access . | . . . Terminal Hacks 6 | . 3 3 Prototype ID Bank 2 | . 1 1 Unreport Threat 1 | . . 1 Dispatch Records 1 | . 1 . Recall Investigation 1 | . 1 . Zone Layout 1 | . . 1 Fabricator Hacks . | . . . Repair Station Hacks 3 | . 3 . Scan Component 1 | . 1 . Repair 1 | . 1 . Refit 1 | . 1 . Recycling Unit Hacks . | . . . Scanalyzer . | . . . Garrison Access Hacks . | . . . Unauthorized Hacks 9 | . 8 1 Terminals 7 | . 6 1 Track 2 | . 2 . Botnet 4 | . 3 1 Operators 1 | . 1 . Fabricators . | . . . Repair Stations . | . . . Recycling Units 2 | . 2 . Tunnel 2 | . 2 . Scanalyzers . | . . . Garrison Access . | . . . Data Cores Recovered . | . . . Used . | . . . Hacking Detections 8 | . 7 1 Full Trace Events 1 | . 1 . Feedback Events . | . . . Feedback Blocked . | . . . Robot Schematics Acquired . | . . . Robots Built . | . . . Authchips . | . . . Time . | . . . Total Robot Build Rating . | . . . Part Schematics Acquired . | . . . Parts Built . | . . . Authchips . | . . . Time . | . . . Total Part Build Rating . | . . . Parts Repaired 1 | . 1 . Time 26 | . 26 . Parts Recycled . | . . . Recycled Matter . | . . . Retrieved Matter . | . . . Retrieved Components . | . . . Parts Scanalyzed . | . . . Part Schematics Acquired . | . . . Parts Damaged . | . . . Bothacking | -11 -10 -10 ------------ Run | Scr Mat Min Used RIF Installer . | . . . Robots Hacked . | . . . Non-combat . | . . . Combat . | . . . Robot Hacks Applied . | . . . Relay Couplers Released . | . . . Fabnet Peak Effective % . | . . . Robots Rewired . | . . . Allies Hacked . | . . . Hacks Repelled . | . . . Allies | -11 -10 -10 -------- Run | Scr Mat Min Total Allies . | . . . Largest Group . | . . . Highest-Rated Group . | . . . Highest-Rated Ally . | . . . Total Orders . | . . . Ally Attacks . | . . . Total Damage . | . . . Kills . | . . . Allies Corrupted . | . . . Allies Melted . | . . . Intel | -11 -10 -10 ------- Run | Scr Mat Min Robot Analysis Total . | . . . Derelict Logs Recovered . | . . . Drone Launches . | . . . Drone Recoveries . | . . . Exploration | -11 -10 -10 ------------- Run | Scr Mat Min Turns Passed 1844 | 116 1500 228 Spaces Moved 937 | 50 789 98 Core 1 | 1 . . Treads 729 | 49 680 . Legs . | . . . Wheels 207 | . 109 98 Hover . | . . . Flight . | . . . Fastest Speed 50 | 50 110 155 Average Speed 157 | 157 157 155 Slowest Speed 160 | 160 160 155 Overloaded Moves . | . . . Propulsion Burnouts . | . . . Robots Hopped . | . . . Cave-ins Triggered . | . . . Exploration Rate (%) 42 | 4 92 30 Regions Visited 2 Branch Regions 1 Pre-discovered Areas 2 | . 2 . Known Exits Taken . | . . . Unknown Exits Taken 2 | 1 1 . Scrap Searched 1 | . . 1 Spaces Dug 33 | . 8 25 Terrain Destroyed 155 | . 38 117 Melee . | . . . Projectile . | . . . AOE 155 | . 38 117 Terrain Rammed . | . . . Walls Destroyed . | . . . Machines Disabled . | . . . Actions | -11 -10 -10 --------- Run | Scr Mat Min Total 1157 | 73 947 137 Wait 71 | 5 65 1 Move 935 | 49 788 98 Hop . | . . . Pick Up 23 | 5 18 . Fast Attach 8 | 6 2 . Attach 4 | . . 4 Detach 1 | . 1 . Swap 15 | 1 7 7 Drop 8 | 1 7 . Fire 85 | 6 54 25 Melee . | . . . Ram . | . . . Kick . | . . . Crush 7 | . 5 2 Escape Stasis . | . . . Rewire . | . . . Trap . | . . . Miscellaneous . | . . . Route ------- -11/Scrapyard -10/Materials (discovered 3 exits: [*Mat x2] / *Min) -10/Mines (discovered 1 exit: [*Mat]) History --------- Turn | Location | Event 18 | -11/Scrapyard | Discovered new exit (range 15) 117 | -11/Scrapyard | Entered Materials 314 | -10/Materials | Build established: Mutant 418 | -10/Materials | Discovered new exit (range 12) 748 | -10/Materials | Discovered new exit (range 14) 1373 | -10/Materials | Discovered new exit (range 5) 1503 | -10/Materials | Repaired Ion Engine? 1617 | -10/Materials | Entered Mines 1669 | -10/Mines | Discovered new exit (range 8) 1732 | -10/Mines | Assembled infested the area 1737 | -10/Mines | Assisted by a Guerilla fighting off Assembled 1819 | -10/Mines | Destroyed 14 combat bots 1830 | -10/Mines | Core integrity fell below 50% 1836 | -10/Mines | Core integrity fell below 20% 1845 | -10/Mines | Destroyed by D-53 Grenadier with Mini Grenade Launcher Last Messages --------------- 01797_ K-01 Serf collects debris. 01798_ as-73316 destroyed. 01802_ K-01 Serf collects debris. 01806_ Acquired 4 matter. 01807_ K-01 Serf collects debris. 01808_ The unstable cave ceiling collapses. 01810_ K-01 Serf collects debris. 01818_ The unstable cave ceiling collapses. 01819_ K-01 Serf collects debris. 01824_ The unstable cave ceiling collapses. 01824_ K-01 Serf collects debris. 01824_ Imp. Ion Engine destroyed. 01825_ The unstable cave ceiling collapses. 01831_ K-01 Serf destroyed. 01835_ Med. Armor Plating destroyed. 01836_ D-53 Grenadier suffers critical hit (Destroy). 01836_ D-53 Grenadier destroyed. 01836_ Switching to secondary target: D-53 Grenadier. 01837_ The unstable cave ceiling collapses. 01841_ Med. Armor Plating destroyed. Map ----- +----------------------------------------------------+ | | | | | | | | | | | | | ###########??????????????????????????????????????? | | ###########??????????????????????????????????????? | | # ##??????????????????????????????????????? | | # ##??????????????????????????????????????? | | # ##??????????????????????????????????????? | | # ##??????????????????????????????????????? | | # ##??????????????????????????????????????? | | """ ##?######???????????#???????????????????? | | # """ ##?# ;#?????????? ##??????????????????? | | # """ ##?# ####??????? #??????????????????? | | ###########??# ##?????? ##?????#???????????? | | ############?## ##???? ##?? ???????????? | | ######## ### ##??? #? ]??]??????????? | | ##### # ##?? # ?% !??????????? | | ## # # ##### # =!*???????????? | | # "" ?????????? | | # X ?????????? | | ]% # ! ????????? | | ## %# !%!% ????????? | | ### @ # | ????????? | | ##### # # ????????? | | ###?# # d# ## ????????? | | ##??## # ### ##??#???????????????? | | ###???## ### ##?# ##???????????????????? | | #####???## ## #??## ##????????????????????? | | ####????## ## #???## ##?????????????????????? | | ?????????# ### ##????#####??????????????????????? | | ?????????# #?## #????????????????????????????????? | | ?????????# #??# #????????????????????????????????? | | ?????????# ?? ????????????????????????????????? | | ?????????###??###????????????????????????????????? | | ?????????###?????????????????????????????????????? | | ?????????????????????????????????????????????????? | | ?????????????????????????????????????????????????? | | ?????????????????????????????????????????????????? | | ?????????????????????????????????????????????????? | | ?????????????????????????????????????????????????? | | ?????????????????????????????????????????????????? | | ?????????????????????????????????????????????????? | | ?????????????????????????????????????????????????? | | ?????????????????????????????????????????????????? | | ?????????????????????????????????????????????????? | | ?????????????????????????????????????????????????? | | ?????????????????????????????????????????????????? | +----------------------------------------------------+ Best States ------------- Heat Dissipation 25 Energy Generation 12 Energy Capacity 265 Matter Stores 300 Matter Capacity 300 Sight Range 16 Terrain Scan Density 10 Armor Coverage 225 Evasion (%) 40 Recoil Reduction 2 Item Schematics ----------------- None Robot Schematics ------------------ None Fabricated ------------ Nothing Alien Tech Used ----------------- None Achievements -------------- None Challenges ------------ None Game ------ Seed FrostGyrokineticUnit Manual? 0 Play Time 00:21:42 Cumulative 140.3 hours Start 2021.11.27 @ 10:07:44 End 2021.11.27 @ 18:46:42 Sessions 5 Manual Loads 0 Difficulty Rogue Special Mode None Game No. 85 Rogue 85 Adventurer 0 Explorer 0 Win Type - Total 3 Types 2/0/0/1/0/0/0/0/0 Lore% 70 Gallery% 77 Achievement% 55 Wizard Run 0 Options --------- ASCII 1 Keyboard 1 Movement Vi Keybinds 0 Fullscreen 2 Font 18/Cog Map View 76x50 Tactical HUD 1 Map Filters NONE Filters NONE Steam 0 RUN: 31b6a6d2-6491-468c-9ff4-fa536f38a0f2